 Dungeon Crawl Stone Soup version 0.17.1-1-g73c8601 (webtiles) character file.

17 ololoev the Skirmisher (level 2, -2/24 HPs)
             Began as a Demonspawn Fighter on Dec 23, 2015.
             Slain by an adder (3 damage)
             ... on level 3 of the Dungeon.
             The game lasted 00:02:13 (422 turns).

ololoev the Skirmisher (Demonspawn Fighter)          Turns: 422, Time: 00:02:13

Health: -2/24      AC:  6    Str: 16    XL:     2   Next: 44%
Magic:  2/2        EV:  6    Int:  9    God:
Gold:   100        SH:  8    Dex: 12    Spells: 0 memorised, 1 level left

rFire  . . .     SeeInvis .     a - +0 war axe
rCold  . . .     Clarity  .     b - +0 scale mail
rNeg   . . .     SustAt   .     c - +0 shield
rPois  .         Gourm    .     (no helmet)
rElec  .         Spirit   .     (no cloak)
rCorr  .         Warding  .     (no gloves)
rMut   .         Stasis   .     (no boots)
MR     .....                    (no amulet)
Stlth  ..........               (no ring)
                                (no ring)

@: lethally poisoned (-2 -> -6), not resistant to hostile enchantments,
extremely unstealthy
A: powered by death 1
a: no special abilities


Innate Abilities, Weirdness & Mutations

You regenerate a little health from kills.

Inventory:

Hand Weapons
 a - a +0 war axe (weapon)
Armour
 b - a +0 scale mail (worn)
 c - a +0 shield (worn)
Scrolls
 g - a scroll of amnesia {unknown}
 j - a scroll of identify {unknown}
Potions
 d - a potion of might
 f - a potion of ambrosia {unknown}
 h - 2 potions of curing {unknown}
 i - a potion of heal wounds {unknown}
Comestibles
 e - 2 bread rations


   Skills:
 - Level 3.0 Fighting
 * Level 2.8 Axes
 - Level 2.6 Armour
 - Level 2.6 Shields


You had one spell level left.
You didn't know any spells.


You were on level 3 of the Dungeon.
You were not hungry.

You visited 1 branch of the dungeon, and saw 3 of its levels.

You collected 100 gold pieces.

####..###.#
#..(....#
....... ...#
###.......#
#####..# ..#
#.......###
##.# ..#
###......# #
.# #........#
.. ..
#.#......#
...#
#.#.#..#.#
....
#$...#.#.# ...
#.S@.#.#.# .#.
#....#.... .#
#.....##.#.#
.#
.....$.....#..
.#
.##....#####
.. .# #....
... .####
#.... ....#
#.... ....#

Notes
Turn   | Place    | Note
--------------------------------------------------------------
     0 | D:1      | ololoev the Demonspawn Fighter began the quest for the Orb.
     0 | D:1      | Reached XP level 1. HP: 18/18 MP: 1/1
   238 | D:3      | Gained mutation: You regenerate a little health from kills. [demonic ancestry]
   238 | D:3      | Reached XP level 2. HP: 5/24 MP: 2/2
   422 | D:3      | HP: 1/24 [poisoned by an adder]
   422 | D:3      | Slain by an adder

Dungeon Overview and Level Annotations

Branches:
Dungeon (3/15)

Altars:


Message History

You feel sick. You block the adder's attack. The adder barely misses you.
You barely miss the adder.
The adder is severely wounded.
You block the adder's attack. x2
You miss the adder.
The adder is severely wounded.
The adder barely misses you. You block the adder's attack.
You barely miss the adder.
The adder is severely wounded.
You feel sick.
You are no longer poisoned.
The adder bites you but does no damage. You block the adder's attack.
You miss the adder.
The adder is severely wounded.
The adder closely misses you. The adder bites you.
You hit the adder.
The adder is almost dead.
The adder bites you but does no damage. x2
You miss the adder.
The adder is almost dead.
You block the adder's attack. The adder bites you.
You hit the adder but do no damage.
The adder is almost dead.
You block the adder's attack. The adder bites you but does no damage.
You closely miss the adder.
The adder is almost dead.
You block the adder's attack.
You barely miss the adder.
The adder is almost dead.
The adder bites you.
You are lethally poisoned!
The adder poisons you! The adder completely misses you.
You miss the adder.
The adder is almost dead.
You feel sick. The adder bites you but does no damage.
The adder bites you but does no damage.
Your scale mail prevents you from hitting the adder.
The adder is almost dead.
You feel sick. You block the adder's attack. The adder bites you.
You die...

You could see an adder.

Vanquished Creatures
  An adder (D:3)
  2 goblins (D:3)
  A jackal (D:1)
  A kobold (D:2)
  A bat (D:2)
  A giant newt (D:3)
7 creatures vanquished.

Action                   || total
-------------------------++-------
Melee: War axe           ||    65

Vault maps used:
D:1:      dpeg_arrival_brainrot
D:2:      nicolae_ashenzari_panopticon
D:3:      first_bread, cheibriados_altar_1
